BSA
IRVINE GANG GREEN @ SO CAL BRUINS
10/15/2028
 
TOP OF THE 1ST
Irvine Gang Green batting - Pitching for So Cal Bruins : LHP Ramiro Jiménez
Pitching: LHP Ramiro Jiménez
Batting: LHB Tony Tavárez 0-0: Foul Ball, location: 2F
0-1: Ball
1-1: Ball
2-1: Ground out 3-1 (Groundball, 34)
Batting: RHB Tom Doherty 0-0: Ball
1-0: Foul Ball, location: 2F
1-1: SINGLE (Line Drive, 6MD)
Batting: RHB Buck Jones 0-0: Ball
1-0: Ball
2-0: Called Strike
2-1: SINGLE (Groundball, 56D)
Tom Doherty to second
Batting: LHB Víctor Quiñones 0-0: Ball
1-0: Ball
2-0: Ball
3-0: Swinging Strike
3-1: Called Strike
3-2: Grounds into double play, 4-6-3 (Groundball, 34)
Top of the 1st over - 0 run(s), 2 hit(s), 0 error(s), 1 left on base; Irvine 0 - So Cal 0
BOTTOM OF THE 1ST
So Cal Bruins batting - Pitching for Irvine Gang Green : RHP Dae-ho Kim
Pitching: RHP Dae-ho Kim
Batting: RHB Eugene Gill 0-0: Swinging Strike
0-1: Ball
1-1: Called Strike
1-2: Ball
2-2: Strikes out swinging
Batting: RHB Lawrence Schroeder 0-0: Called Strike
0-1: Called Strike
0-2: Strikes out swinging
Batting: RHB Earl Wiggins 0-0: Foul Ball, location: 2F
0-1: Called Strike
0-2: Ball
1-2: Foul Ball, location: 2F
1-2: Strikes out swinging
Bottom of the 1st over - 0 run(s), 0 hit(s), 0 error(s), 0 left on base; Irvine 0 - So Cal 0
TOP OF THE 2ND
Irvine Gang Green batting - Pitching for So Cal Bruins : LHP Ramiro Jiménez
Batting: RHB Eichiro Yamamoto 0-0: Fly out, F9 (Flyball, 9S)
Batting: RHB José Salazar 0-0: Ball
1-0: Ball
2-0: Swinging Strike
2-1: Called Strike
2-2: Ball
3-2: Base on Balls
Batting: LHB Leonardo Medina 0-0: Ball
1-0: Called Strike
1-1: SINGLE (Groundball, 3D)
José Salazar to second
Runner from 2nd tries for 3rd, SAFE, throw made to third
Batting: RHB Ronnie Brown 0-0: Foul Ball, location: 2F
0-1: Ball
1-1: Ball
2-1: Foul Ball, location: 2F
2-2: DOUBLE (Line Drive, 78M)
José Salazar scores
Leonardo Medina to third
Batting: RHB Aaron Wilson 0-0: Swinging Strike
0-1: Ball
1-1: Foul Ball, location: 2F
1-2: Fly out, F8 (Line Drive, 8LS)
Runner from 3rd tags up, SCORES, no throw
Batting: LHB Tony Tavárez 0-0: Ball
1-0: Called Strike
1-1: Fly out, F7 (Flyball, 78M)
Top of the 2nd over - 2 run(s), 2 hit(s), 0 error(s), 1 left on base; Irvine 2 - So Cal 0
BOTTOM OF THE 2ND
So Cal Bruins batting - Pitching for Irvine Gang Green : RHP Dae-ho Kim
Batting: LHB José Antonio Santiago 0-0: Called Strike
0-1: Ball
1-1: Ball
2-1: Swinging Strike
2-2: Foul Ball, location: 2F
2-2: Fly out, F8 (Flyball, 8LS)
Batting: RHB Rubén Calderón 0-0: Called Strike
0-1: Ball
1-1: Ball
2-1: Called Strike
2-2: Fly out, F9 (Flyball, 9S)
Batting: LHB Kiyonaga Morita 0-0: Ground out U3 (Groundball, 3L)
Bottom of the 2nd over - 0 run(s), 0 hit(s), 0 error(s), 0 left on base; Irvine 2 - So Cal 0
TOP OF THE 3RD
Irvine Gang Green batting - Pitching for So Cal Bruins : LHP Ramiro Jiménez
Batting: RHB Tom Doherty 0-0: Called Strike
0-1: Foul Ball, location: 2F
0-2: Ball
1-2: Reached on error, E8 (Flyball, 8RM)
Batting: RHB Buck Jones 0-0: Ground out 6-3 (Groundball, 6S)
Tom Doherty to second
Batting: LHB Víctor Quiñones 0-0: Called Strike
0-1: Swinging Strike
0-2: Foul Ball, location: 2F
0-2: Ball
1-2: Strikes out swinging, 2-3 out at first.
Batting: RHB Eichiro Yamamoto 0-0: Foul Ball, location: 2F
0-1: Ball
Passed Ball!
Tom Doherty to third
1-1: Swinging Strike
1-2: Ball
2-2: Fly out, F3 (Popup, 3D)
Top of the 3rd over - 0 run(s), 0 hit(s), 1 error(s), 1 left on base; Irvine 2 - So Cal 0
BOTTOM OF THE 3RD
So Cal Bruins batting - Pitching for Irvine Gang Green : RHP Dae-ho Kim
Batting: LHB Jeff Carter 0-0: Called Strike
0-1: Ball
1-1: Swinging Strike
1-2: Strikes out swinging
Batting: LHB César Valentín 0-0: Ball
1-0: Ball
2-0: Ball
3-0: Called Strike
3-1: Base on Balls
Batting: LHB Phil Smith 0-0: Swinging Strike
0-1: Swinging Strike
0-2: Ball
1-2: Foul Ball, location: 2F
1-2: SINGLE (Groundball, 3D)
César Valentín to second
Runner from 2nd tries for 3rd, SAFE, throw made to third
Batting: RHB Eugene Gill 0-0: Called Strike
0-1: Ball
1-1: Swinging Strike
1-2: Foul Ball, location: 2F
1-2: Strikes out swinging
Batting: RHB Lawrence Schroeder 0-0: Ball
1-0: Called Strike
1-1: SINGLE (Flyball, 4MD)
César Valentín scores
Phil Smith to second
Runner from 2nd tries for 3rd, SAFE, throw made to third
Batting: RHB Earl Wiggins 0-0: Foul Ball, location: 2F
0-1: Ball
1-1: Ground out 4-3 (Groundball, 4MD)
Bottom of the 3rd over - 1 run(s), 2 hit(s), 0 error(s), 2 left on base; Irvine 2 - So Cal 1
TOP OF THE 4TH
Irvine Gang Green batting - Pitching for So Cal Bruins : LHP Ramiro Jiménez
Batting: RHB José Salazar 0-0: Called Strike
0-1: Foul Ball, location: 2F
0-2: Fly out, F5 (Line Drive, 5)
Batting: LHB Leonardo Medina 0-0: Foul Ball, location: 2F
0-1: Ball
1-1: Called Strike
1-2: Ball
2-2: Strikes out swinging
Batting: RHB Ronnie Brown 0-0: Foul Ball, location: 2F
0-1: Ball
1-1: Ground out U3 (Groundball, 34)
Top of the 4th over - 0 run(s), 0 hit(s), 0 error(s), 0 left on base; Irvine 2 - So Cal 1
BOTTOM OF THE 4TH
So Cal Bruins batting - Pitching for Irvine Gang Green : RHP Dae-ho Kim
Batting: LHB José Antonio Santiago 0-0: Swinging Strike
0-1: Ball
1-1: Foul Ball, location: 2F
1-2: Reached on error, E1 (Groundball, 13)
Batting: RHB Rubén Calderón 0-0: Ball
1-0: Called Strike
1-1: Foul Ball, location: 2F
1-2: Foul Ball, location: 2F
1-2: Strikes out swinging
Batting: LHB Kiyonaga Morita 0-0: Fly out, F7 (Flyball, 7)
Batting: LHB Jeff Carter 0-0: Ball
1-0: 2-RUN HOME RUN (Flyball, 89XD), Distance : 393 ft
Batting: LHB César Valentín 0-0: Fly out, F7 (Flyball, 7LS)
Bottom of the 4th over - 2 run(s), 1 hit(s), 1 error(s), 0 left on base; Irvine 2 - So Cal 3
TOP OF THE 5TH
Irvine Gang Green batting - Pitching for So Cal Bruins : LHP Ramiro Jiménez
Batting: RHB Aaron Wilson 0-0: Foul Ball, location: 2F
0-1: Ball
1-1: Ground out 6-3 (Groundball, 6)
Batting: LHB Tony Tavárez 0-0: Ball
1-0: Foul Ball, location: 2F
1-1: Ground out 1-3 (Groundball, 13)
Batting: RHB Tom Doherty 0-0: Ball
1-0: Called Strike
1-1: Ground out 6-3 (Groundball, 6)
Top of the 5th over - 0 run(s), 0 hit(s), 0 error(s), 0 left on base; Irvine 2 - So Cal 3
BOTTOM OF THE 5TH
So Cal Bruins batting - Pitching for Irvine Gang Green : RHP Dae-ho Kim
Batting: LHB Phil Smith 0-0: Called Strike
0-1: Swinging Strike
0-2: Ball
1-2: Ball
2-2: Foul Ball, location: 2F
2-2: Ball
3-2: Base on Balls
Batting: RHB Eugene Gill 0-0: Called Strike
0-1: Foul Ball, location: 2F
0-2: Strikes out looking
Batting: RHB Lawrence Schroeder 0-0: 2-RUN HOME RUN (Flyball, 9LD), Distance : 332 ft
Pitching: RHP Takehide Ono
Batting: RHB Earl Wiggins 0-0: Swinging Strike
0-1: Ground out 6-3 (Groundball, 6)
Batting: LHB José Antonio Santiago 0-0: Called Strike
0-1: Foul Ball, location: 2F
0-2: Strikes out swinging passed ball, reaches first!
Batting: RHB Rubén Calderón 0-0: Called Strike
0-1: Ball
1-1: Ball
2-1: Ball
3-1: 2-RUN HOME RUN (Flyball, 78XD), Distance : 445 ft
Pitching: LHP Yu-shu Kong
Batting: LHB Kiyonaga Morita 0-0: Ball
1-0: Ball
2-0: Called Strike
2-1: Foul Ball, location: 2F
2-2: Ground out 1-3 (Groundball, 13)
Bottom of the 5th over - 4 run(s), 2 hit(s), 0 error(s), 0 left on base; Irvine 2 - So Cal 7
TOP OF THE 6TH
Irvine Gang Green batting - Pitching for So Cal Bruins : LHP Ramiro Jiménez
Batting: RHB Buck Jones 0-0: Ball
1-0: Ball
2-0: Ball
3-0: Called Strike
3-1: Base on Balls
Batting: LHB Víctor Quiñones 0-0: Ball
1-0: Foul Ball, location: 2F
1-1: Ball
2-1: Foul Ball, location: 2F
2-2: Strikes out swinging
Batting: RHB Eichiro Yamamoto 0-0: Ball
1-0: Swinging Strike
1-1: Ball
2-1: Fielders Choice at 2nd, 4-6 (Groundball, 4)
Batting: RHB José Salazar 0-0: Called Strike
0-1: Ball
1-1: Called Strike
1-2: Ball
2-2: Fly out, F9 (Flyball, 9LSF)
Top of the 6th over - 0 run(s), 0 hit(s), 0 error(s), 1 left on base; Irvine 2 - So Cal 7
BOTTOM OF THE 6TH
So Cal Bruins batting - Pitching for Irvine Gang Green : LHP Yu-shu Kong
Batting: LHB Jeff Carter 0-0: Called Strike
0-1: Foul Ball, location: 2F
0-2: Foul Ball, location: 2F
0-2: Strikes out swinging
Batting: LHB César Valentín 0-0: Called Strike
0-1: Foul Ball, location: 2F
0-2: Ball
1-2: Fly out, F7 (Flyball, 7S)
Batting: LHB Phil Smith 0-0: Ball
1-0: Foul Ball, location: 2F
1-1: Called Strike
1-2: Ground out 3-1 (Groundball, 34)
Bottom of the 6th over - 0 run(s), 0 hit(s), 0 error(s), 0 left on base; Irvine 2 - So Cal 7
TOP OF THE 7TH
Irvine Gang Green batting - Pitching for So Cal Bruins : LHP Ramiro Jiménez
Batting: LHB Leonardo Medina 0-0: Ball
1-0: Ball
2-0: Foul Ball, location: 2F
2-1: Ball
3-1: Foul Ball, location: 2F
3-2: Foul Ball, location: 2F
3-2: Foul Ball, location: 2F
3-2: Fly out, F4 (Line Drive, 34)
Batting: RHB Ronnie Brown 0-0: Called Strike
0-1: Ball
1-1: Foul Ball, location: 2F
1-2: SINGLE (Groundball, 4D)
Batting: RHB Aaron Wilson 0-0: Ball
1-0: Ground out 3-1 (Groundball, 34S)
Ronnie Brown to second
Batting: LHB Tony Tavárez 0-0: Fly out, F7 (Flyball, 7S)
Top of the 7th over - 0 run(s), 1 hit(s), 0 error(s), 1 left on base; Irvine 2 - So Cal 7
BOTTOM OF THE 7TH
So Cal Bruins batting - Pitching for Irvine Gang Green : LHP Yu-shu Kong
Batting: RHB Eugene Gill 0-0: SINGLE (Groundball, 34D)
Batting: RHB Lawrence Schroeder 0-0: Ball
1-0: Called Strike
1-1: Ball
2-1: Reached on error, E1 (Groundball, 13S)
Eugene Gill to second
Batting: RHB Earl Wiggins 0-0: Foul Ball, location: 2F
0-1: Grounds into double play, 4-6-3 (Groundball, 4)
Eugene Gill to third
Batting: LHB José Antonio Santiago 0-0: Foul Ball, location: 2F
0-1: DOUBLE (Line Drive, 89XD)
Eugene Gill scores
Batting: RHB Rubén Calderón 0-0: Fly out, F6 (Popup, 56)
Bottom of the 7th over - 1 run(s), 2 hit(s), 1 error(s), 1 left on base; Irvine 2 - So Cal 8
TOP OF THE 8TH
Irvine Gang Green batting - Pitching for So Cal Bruins : LHP Ramiro Jiménez
Pitching: RHP Kitahachi Okada
Batting: RHB Tom Doherty 0-0: Ball
1-0: Foul Ball, location: 2F
1-1: SINGLE (Line Drive, 8LS)
Batting: RHB Buck Jones 0-0: Ball
1-0: Ball
2-0: Ball
3-0: Called Strike
3-1: Base on Balls
Tom Doherty to second
Batting: LHB Víctor Quiñones 0-0: Called Strike
0-1: Swinging Strike
0-2: Fly out, F5 (Line Drive, 5)
Batting: RHB Eichiro Yamamoto 0-0: Foul Ball, location: 2F
0-1: Swinging Strike
0-2: Strikes out swinging
Batting: RHB José Salazar 0-0: Foul Ball, location: 2F
0-1: Ball
1-1: Foul Ball, location: 2F
1-2: Foul Ball, location: 2F
1-2: SINGLE (Flyball, 78S)
Tom Doherty to third
Buck Jones to second
Batting: LHB Leonardo Medina 0-0: Ball
1-0: Ball
2-0: Ball
3-0: Called Strike
3-1: Called Strike
3-2: Strikes out swinging
Top of the 8th over - 0 run(s), 2 hit(s), 0 error(s), 3 left on base; Irvine 2 - So Cal 8
BOTTOM OF THE 8TH
So Cal Bruins batting - Pitching for Irvine Gang Green : LHP Yu-shu Kong
Batting: LHB Kiyonaga Morita 0-0: Called Strike
0-1: Foul Ball, location: 2F
0-2: Strikes out swinging
Pitching: RHP Raúl Saltines
Batting: LHB Jeff Carter 0-0: Called Strike
0-1: Swinging Strike
0-2: Ball
1-2: Ball
2-2: DOUBLE (Line Drive, 9LM)
Batting: LHB César Valentín 0-0: Called Strike
0-1: Ball
1-1: SINGLE (Groundball, 6D)
Jeff Carter to third
Batting: LHB Phil Smith 0-0: Called Strike
0-1: Swinging Strike
0-2: Strikes out swinging
Batting: RHB Eugene Gill 0-0: Foul Ball, location: 2F
0-1: Ball
1-1: Ball
2-1: Ball
3-1: SINGLE (Line Drive, 6MD)
Jeff Carter scores
César Valentín to second
Batting: RHB Lawrence Schroeder 0-0: Foul Ball, location: 2F
0-1: Called Strike
0-2: Foul Ball, location: 2F
0-2: Ball
1-2: Foul Ball, location: 2F
1-2: Strikes out looking
Bottom of the 8th over - 1 run(s), 3 hit(s), 0 error(s), 2 left on base; Irvine 2 - So Cal 9
TOP OF THE 9TH
Irvine Gang Green batting - Pitching for So Cal Bruins : RHP Kitahachi Okada
Batting: RHB Ronnie Brown 0-0: Called Strike
0-1: Fly out, F4 (Line Drive, 4M)
Batting: RHB Aaron Wilson 0-0: Swinging Strike
0-1: Foul Ball, location: 2F
0-2: Strikes out looking
Batting: LHB Tony Tavárez 0-0: Foul Ball, location: 2F
0-1: Foul Ball, location: 2F
0-2: Foul Ball, location: 2F
0-2: Ball
1-2: Ball
2-2: Fly out, F9 (Flyball, 9LS)
Top of the 9th over - 0 run(s), 0 hit(s), 0 error(s), 0 left on base; Irvine 2 - So Cal 9
Tuesday, August 8th, 2017 - OOTP Baseball 17.12 Build 75